 Dungeon Crawl Stone Soup version 0.30-a0-778-g2ef04af (webtiles) character file.

Game seed: 11503823880407821857

14107 malesh the Grappler (level 11, -5/109 HPs)
             Began as a Troll Gladiator on Feb 16, 2023.
             Was a Believer of Makhleb.
             Slain by an eight-headed hydra (12 damage)
             ... on level 1 of the Lair of Beasts.
             The game lasted 00:29:02 (9444 turns).

malesh the Grappler (Troll Gladiator)               Turns: 9444, Time: 00:29:03

Health: -5/109     AC:  8    Str: 33    XL:     11   Next: 84%
Magic:  10/10      EV: 10    Int: 10    God:    Makhleb [**....]
Gold:   500        SH: 10    Dex: 11    Spells: 10/10 levels left

rFire   . . .      SeeInvis .    L - +2 demon whip (venom)
rCold   . . .      Faith    .    H - +2 kite shield
rNeg    . . .      Spirit   .    A - +1 robe of Detonk {Str+7 Int-2}
rPois   .          Reflect  .    b - +0 hat
rElec   .          Harm     .    y - +2 cloak {Will+}
rCorr   .          Rampage  .    (gloves unavailable)
Will    +....                    (boots unavailable)
Stlth   +                        (no amulet)
HPRegen 1.18/turn                E - +4 ring of slaying
MPRegen 0.12/turn                w - +6 ring of intelligence

@: no status effects
A: large, unfitting armour, claws 3, regeneration 1, shaggy fur 1, tough skin 1
a: Renounce Religion, Minor Destruction


You were on level 1 of the Lair of Beasts.
You worshipped Makhleb.
Makhleb was pleased with you.
You visited 3 branches of the dungeon, and saw 13 of its levels.

You collected 500 gold pieces.

Inventory:

Hand Weapons
 L - a +2 demon whip of venom (weapon)
Missiles
 d - a large rock
 G - 21 poisoned darts (quivered)
Armour
 b - a +0 hat (worn)
 j - a scarf of repulsion
 y - a +2 cloak of willpower (worn)
 A - the +1 robe of Detonk (worn) {Str+7 Int-2}
   (You found it on level 5 of the Dungeon)

   Str:       It affects your strength (+7).
   Int:       It affects your intelligence (-2).
 H - a +2 kite shield (worn)
Jewellery
 l - a ring of positive energy
 w - a +6 ring of intelligence (right claw)
 E - a +4 ring of slaying (left claw)
Wands
 k - a wand of roots (18)
 q - a wand of charming (24)
 s - a wand of digging (5)
 B - a wand of flame (13)
 C - a wand of acid (7)
 M - a wand of polymorph (1)
Scrolls
 c - a scroll of summoning
 g - 2 scrolls of teleportation {unknown}
 p - a scroll of immolation
 t - 3 scrolls of blinking
 u - a scroll of enchant armour {unknown}
 v - 2 scrolls of fog
 x - a scroll of poison
 D - a scroll of amnesia {unknown}
 F - a scroll of acquirement {unknown}
 J - a scroll of brand weapon {unknown}
 K - a scroll of magic mapping
Potions
 a - a potion of haste {unknown}
 e - a potion of resistance
 f - 4 potions of might
 h - 6 potions of curing
 i - a potion of magic
 m - a potion of mutation {unknown}
 n - a potion of brilliance {unknown}
 o - 4 potions of heal wounds
 z - 3 potions of lignification
 I - a potion of attraction {unknown}
 N - a potion of invisibility {unknown}


   Skills:
 * Level 7.0 Fighting
 - Level 5.0 Throwing
 + Level 7.2 Dodging
 + Level 2.6 Shields
 * Level 14.5 Unarmed Combat
 + Level 1.0 Invocations


You had 10 spell levels left.
You didn't know any spells.
Your spell library contained the following spells:

 Spells                   Type           Power      Damage    Failure   Level
 Inner Flame              Hex/Fire       0%         N/A       95%         3
 Vhi's Electric Charge    Tloc/Air       0%         N/A       95%         3
 Cause Fear               Hex            0%         N/A       100%        4
 Manifold Assault         Tloc           0%         N/A       100%        4
 Arcjolt                  Conj/Air       0%         1d10      100%        5
 Dispersal                Tloc           0%         N/A       100%        6
 Discord                  Hex            0%         N/A       100%        8
 Disjunction              Tloc           0%         N/A       100%        8
 Maxwell's Capacitive Co  Air            0%         ∞         100%        8


Dungeon Overview and Level Annotations

Branches:
Dungeon (11/15)            Temple (1/1) D:7            Lair (1/5) D:9
    Orc (0/2) D:11

Altars:
Ashenzari
Cheibriados
Dithmenos
Elyvilon
Fedhas
Gozag
Hepliaklqana
Kikubaaqudgha
Makhleb
Nemelex Xobeh
Okawaru
Qazlal
Ru
Sif Muna
Trog
Uskayaw
Vehumet
Wu Jian
Xom
Yredelemnul
Zin
The Shining One

Shops:
D:5 =

Annotations:
D:10 4 transporters
D:11 Sonja


Innate Abilities, Weirdness & Mutations

You are too large for most types of armour.
You have claws for hands.
Your natural rate of healing is unusually fast.
You are covered in fur. (AC +1)
You have tough skin. (AC +1)


Message History

You barely miss the eight-headed hydra.
You block the eight-headed hydra's attack.
The eight-headed hydra bites you.
The eight-headed hydra closely misses you.
The eight-headed hydra bites you.
The eight-headed hydra barely misses you.
The eight-headed hydra bites you but does no damage.
The eight-headed hydra bites you.
You block the eight-headed hydra's attack.
You whack the eight-headed hydra!
The eight-headed hydra is lightly wounded.
The eight-headed hydra bites you!
You block the eight-headed hydra's attack.
The eight-headed hydra closely misses you. x2
The eight-headed hydra bites you but does no damage.
The eight-headed hydra barely misses you.
The eight-headed hydra bites you. The eight-headed hydra bites you!
You whack the eight-headed hydra!
The eight-headed hydra is moderately wounded.
The eight-headed hydra bites you!
You block the eight-headed hydra's attack.
The eight-headed hydra bites you but does no damage.
The eight-headed hydra bites you.
* * * LOW HITPOINT WARNING * * *
The eight-headed hydra bites you!
* * * LOW HITPOINT WARNING * * *
The eight-headed hydra closely misses you.
You block the eight-headed hydra's attack. x2
You barely miss the eight-headed hydra.
The eight-headed hydra is moderately wounded.
The eight-headed hydra bites you but does no damage.
The eight-headed hydra bites you!
* * * LOW HITPOINT WARNING * * *
The eight-headed hydra bites you but does no damage.
The eight-headed hydra bites you.
* * * LOW HITPOINT WARNING * * *
The eight-headed hydra bites you but does no damage.
You block the eight-headed hydra's attack.
The eight-headed hydra bites you!
You die...

........... #.### #
..........# ##...###
..........# ####.......
..........# ##..........
..........###...###.....
.........#......####....
............#....# #.DP.
.......D.#.#.....# #P...
......÷@####.....#####..
........# ##......# #..
.......## #.......## ##.
....... #........# #.
....... ##.......# #.
....... ##......# ##
.....## ###....# # .##..
###.## ###


You could see an eight-headed hydra.

Vanquished Creatures
  3 two-headed ogres
  Amaemon (D:8)
  Pikel (D:8)
  A manticore (D:11)
  A black mamba (D:9)
  An orange demon (D:8)
  An unseen horror (D:11)
  A kobold demonologist (D:11)
  3 trolls
  Grinder (D:3)
  Sigmund (D:3)
  2 shadows (D:11)
  24 yaks
  A steam dragon (D:9)
  3 vampire mosquitoes (D:11)
  Duvessa (D:5)
  2 water moccasins
  3 orc warriors
  An ice beast (D:6)
  A sky beast (D:7)
  3 ogres (D:5)
  5 centaurs
  A lemure (D:8)
  A phantom (D:7)
  3 bullfrogs
  4 kobold brigands
  Blork the orc (D:5)
  A necrophage (D:6)
  6 scorpions
  19 wights
  Dowan (D:5)
  A howler monkey (D:4)
  3 hounds
  2 jellies
  7 orc priests
  Crazy Yiuf (D:5)
  Ijyb (D:3)
  6 iguanas
  8 orc wizards
  4 adders
  6 gnolls
  A shadow imp (D:7)
  2 white imps
  4 ufetubi
  2 worms
  A dart slug (D:4)
  39 orcs
  6 bats
  4 endoplasms
  10 giant cockroaches
  7 goblins
  9 hobgoblins
  2 jackals (D:4)
  25 kobolds
  5 quokkas
  9 ball pythons
  6 frilled lizards
  4 rats
273 creatures vanquished.

Vanquished Creatures (others)
  A wraith (D:9)
  A kobold (D:9)
  4 plants
6 creatures vanquished.

Grand Total: 279 creatures vanquished

Notes
Turn   | Place    | Note
-------+----------+-------------------------------------------
     0 | D:1      | malesh the Troll Gladiator began the quest for the Orb.
     0 | D:1      | Reached XP level 1. HP: 19/19 MP: 0/0
    66 | D:1      | Found a faded altar of an unknown god.
   102 | D:1      | Reached XP level 2. HP: 23/27 MP: 1/1
   482 | D:2      | Reached XP level 3. HP: 31/35 MP: 2/2
   912 | D:2      | Reached skill level 4 in Unarmed Combat
   912 | D:2      | Reached XP level 4. HP: 42/42 MP: 3/3
  1589 | D:3      | Noticed Ijyb
  1605 | D:3      | Killed Ijyb
  1606 | D:3      | Reached XP level 5. HP: 49/49 MP: 4/4
  1829 | D:3      | Noticed Grinder
  1847 | D:3      | Killed Grinder
  1848 | D:3      | Reached skill level 6 in Unarmed Combat
  1848 | D:3      | Reached XP level 6. HP: 27/57 MP: 5/5
  1960 | D:3      | Noticed Sigmund
  1979 | D:3      | Killed Sigmund
  2023 | D:3      | Reached XP level 7. HP: 65/65 MP: 6/6
  2369 | D:4      | Reached skill level 7 in Unarmed Combat
  2561 | D:4      | Found a snail-covered altar of Cheibriados.
  2575 | D:4      | Found an iron altar of Okawaru.
  2582 | D:4      | Identified the +5 falchion of Jiffyhay {antimagic, Drain
                  | Fly Dex+3}
  2853 | D:5      | Entered Level 5 of the Dungeon
  2853 | D:5      | Found Ynguvop's Jewellery Shoppe.
  2871 | D:5      | Found a runed translucent door.
  2872 | D:5      | Noticed Crazy Yiuf
  2889 | D:5      | Found a hide-covered altar of Uskayaw.
  2906 | D:5      | Killed Crazy Yiuf
  2940 | D:5      | Noticed Blork the orc
  2948 | D:5      | Killed Blork the orc
  3021 | D:5      | Reached skill level 8 in Unarmed Combat
  3030 | D:5      | Reached XP level 8. HP: 74/74 MP: 7/7
  3098 | D:5      | Found a stormy altar of Qazlal.
  3177 | D:5      | Identified the +1 robe of Detonk {Str+7 Int-2}
  3207 | D:5      | Found an ornate altar of the Wu Jian Council.
  3224 | D:5      | Noticed Dowan
  3226 | D:5      | Noticed Duvessa
  3234 | D:5      | Killed Duvessa
  3235 | D:5      | Reached skill level 9 in Unarmed Combat
  3245 | D:5      | Killed Dowan
  3839 | D:5      | Reached skill level 10 in Unarmed Combat
  3872 | D:5      | Reached XP level 9. HP: 82/83 MP: 8/8
  3875 | D:5      | Reached skill level 5 in Dodging
  3986 | D:6      | Found a white marble altar of Elyvilon.
  4103 | D:6      | Reached skill level 11 in Unarmed Combat
  5191 | D:7      | Found a hazy altar of Hepliaklqana.
  5229 | D:7      | Found a staircase to the Ecumenical Temple.
  5237 | Temple   | Entered the Ecumenical Temple
  5362 | Temple   | Became a worshipper of Makhleb the Destroyer
  5844 | D:8      | Found a broken altar of Ashenzari.
  5857 | D:8      | Reached XP level 10. HP: 94/94 MP: 9/9
  5880 | D:8      | Noticed Pikel
  5899 | D:8      | Killed Pikel
  5900 | D:8      | Reached skill level 5 in Fighting
  6021 | D:8      | Noticed a two-headed ogre
  6023 | D:8      | Killed a two-headed ogre
  6024 | D:8      | Reached skill level 12 in Unarmed Combat
  6217 | D:8      | Noticed an orange demon
  6220 | D:8      | Noticed Amaemon
  6226 | D:8      | Killed an orange demon
  6233 | D:8      | Killed Amaemon
  6288 | D:8      | Found a blossoming altar of Fedhas.
  6288 | D:8      | Found an ancient bone altar of Kikubaaqudgha.
  6549 | D:9      | Reached * piety under Makhleb
  6730 | D:9      | Found a staircase to the Lair.
  6777 | D:9      | Identified the +5 trident "Zisoschye" {freeze, *Slow rElec
                  | Str+2 Int+2}
  6853 | D:9      | Found a sacrificial altar of Ru.
  7155 | D:9      | Found a bloodstained altar of Trog.
  7155 | D:9      | Found an opulent altar of Gozag.
  7270 | D:10     | Entered Level 10 of the Dungeon
  7478 | D:10     | Reached XP level 11. HP: 91/107 MP: 10/10
  7647 | D:10     | Reached skill level 13 in Unarmed Combat
  7696 | D:10     | Reached ** piety under Makhleb
  7796 | D:10     | Found a transporter.
  7796 | D:10     | Found a transporter.
  7798 | D:10     | Found a transporter.
  7835 | D:10     | Found a transporter.
  7915 | D:10     | Noticed a two-headed ogre
  7922 | D:10     | Killed a two-headed ogre
  7923 | D:10     | Reached skill level 1 in Shields
  8092 | D:10     | Noticed a two-headed ogre
  8106 | D:10     | Killed a two-headed ogre
  8401 | Lair:1   | Entered Level 1 of the Lair of Beasts
  8437 | D:9      | Reached skill level 5 in Throwing
  8480 | D:9      | Reached skill level 14 in Unarmed Combat
  8496 | D:9      | HP: 2/107 [black mamba (14)]
  8696 | Lair:1   | Noticed an eight-headed hydra
  9086 | D:11     | Identified the +2 longbow of Wondrous Power {heavy, rPois}
  9098 | D:11     | Reached skill level 1 in Invocations
  9212 | D:11     | Found a staircase to the Orcish Mines.
  9355 | D:11     | Noticed Sonja
  9444 | Lair:1   | Slain by an eight-headed hydra

Illustrated notes

Levels and vault maps discovered:
D:1:      psy_arrival_terrarium, layout_rooms,
          shapermc_ecumenical_altar_totnotflames
D:2:      layout_basic
D:3:      minmay_chambers_of_threes, layout_rooms, serial_rivers,
          chequers_serial_rivers_small_b, chequers_serial_rivers_large_b,
          chequers_serial_rivers_room_a, chequers_serial_rivers_small_a,
          chequers_serial_rivers_marsh, uniq_sigmund, uniq_grinder, uniq_ijyb
D:4:      layout_basic, okawaru_ov_weapons_minmay, cheibrodos_worm_habitat
D:5:      minmay_spotlight, layout_loops_ring, lemuel_doored_altar,
          eat_drink_and_be_merry_uskayaw, lemuel_tele_altar, serial_shops, shop,
          hangedman_abyss_or_decor_passed, uniq_duvessa, uniq_blork_the_orc,
          uniq_crazy_yiuf_cottage
D:6:      layout_loops_ring, overflow_temple_1_default
D:7:      layout_loops_corners, mainiacjoe_overflow_boulevard,
          minmay_temple_entry_water_ring
D:8:      layout_basic, grunt_temple_overflow_growth_and_decay,
          old_standard_altar, uniq_pikel, uniq_amaemon
D:9:      layout_basic, mainiacjoe_overflow_small_starburst,
          gammafunk_temple_overflow_wave, lair_entry_dummy
D:10:     layout_roguey, nicolae_diode_quadrants
D:11:     layout_roguey, orc_0_dummy, uniq_sonja
Temple:   chequers_temple_sunken
Lair:1:   layout_cave_pods

Skill      XL: |  1  2  3  4  5  6  7  8  9 10 11 |
---------------+----------------------------------+-----
Dodging        | 3 4 5 6 7 |  7.2
Throwing       | 2 3 4 5 |  5.0
Unarmed Combat | 4 6 8 10 11 12 14 | 14.5
Fighting       | 2 3 4 6 7 |  7.0
Shields        | 2 |  2.6
Invocations    | 1 |  1.0

Action                     |  1- 3 |  4- 6 |  7- 9 | 10-12 || total
---------------------------+-------+-------+-------+-------++-------
  Melee: Unarmed           |   103 |    78 |   266 |   247 ||   694
         Punch             |     2 |     2 |    13 |     7 ||    24
         Demon whip        |       |       |       |     4 ||     4
  Throw: Throwing net      |       |     3 |     3 |       ||     6
         Large rock        |       |       |     2 |     1 ||     3
         Dart              |       |       |       |     2 ||     2
    Use: Scroll            |       |       |    12 |     4 ||    16
         Potion            |       |       |       |     4 ||     4
   Stab: Held in net/web   |       |       |     3 |       ||     3
 Armour: Robe              |    25 |    10 |    63 |    71 ||   169
  Dodge: Dodged            |    47 |    27 |   126 |    99 ||   299
  Block: Kite shield       |       |       |       |    72 ||    72

Table legend: (Time is in decaauts)
 A = Elapsed time spent in this place.
 B = Non-inter-level travel time spent in this place.
 C = Inter-level travel time spent in this place.
 D = Time resting spent in this place.
 E = Time spent auto-exploring this place.
 F = Levels seen in this place.
 G = Mean time per level.
                   A        B        C        D        E       F      G
               +--------+--------+--------+--------+--------+-----+--------+
         Total |   9365 |   8464 |    901 |    265 |   6440 |  13 |  720.4 |
       Dungeon |   9054 |   8204 |    850 |    265 |   6267 |  11 |  823.1 |
        Temple |    152 |    102 |     50 |      0 |     95 |   1 |  152.0 |
          Lair |    158 |    158 |      0 |      0 |     78 |   1 |  158.0 |
               +--------+--------+--------+--------+--------+-----+--------+

Top non-repeatable levels by time:
    D:10: 1053 daAuts
     D:9: 1049 daAuts
     D:5: 1004 daAuts
     D:2: 993 daAuts
     D:7: 900 daAuts
     D:8: 790 daAuts
     D:6: 781 daAuts
     D:4: 718 daAuts
     D:3: 710 daAuts
    D:11: 547 daAuts
     D:1: 503 daAuts
  Lair:1: 158 daAuts
  Temple: 152 daAuts
